 Dungeon Crawl Stone Soup version 0.26-a0-665-gefeb406119 (webtiles) character file.

Game seed: 7813314040502638379

128 miscthings the Chiller (level 4, -3/18 HPs)
             Began as a Felid Ice Elementalist on Oct 13, 2020.
             Killed from afar by an orc wizard (9 damage)
             ... with a magic dart
             ... on level 3 of the Dungeon.
             The game lasted 00:04:00 (1896 turns).

miscthings the Chiller (Felid Ice Elementalist)     Turns: 1896, Time: 00:04:01

Health: -3/18      AC:  1    Str: 10    XL:     4   Next: 86%
Magic:  0/8        EV: 18    Int: 17    God:
Gold:   99         SH:  5    Dex: 17    Spells: 3/7 levels left
                                        Lives:  0   Deaths: 1

rFire    . . .     SeeInvis +   (weapon unavailable)
rCold    . . .     Faith    .   (shield unavailable)
rNeg     . . .     Spirit   .   (armour unavailable)
rPois    +         Reflect  +   (helmet unavailable)
rElec    .         Harm     .   (cloak unavailable)
rCorr    .         Rampage  .   (gloves unavailable)
MR       .....                  (boots unavailable)
Stlth    +++.......             f - amulet of reflection
HPRegen  0.06/turn              i - +6 ring of strength
MPRegen  0.11/turn              q - ring of poison resistance

@: mighty, very slightly contaminated, quick
A: very small, no armour, no weapons or thrown items, stealth, claws 1, fangs 3,
see invisible, speed 1, shaggy fur 1, sharp paws
a: no special abilities


You were on level 3 of the Dungeon.
You visited 1 branch of the dungeon, and saw 3 of its levels.

You collected 99 gold pieces.

Inventory:

Jewellery
 f - an amulet of reflection (around neck)
 i - a +6 ring of strength (left paw)
 o - an uncursed ring of fire
 q - a ring of poison resistance (right paw)
Scrolls
 a - a scroll of enchant weapon {unknown}
 d - a scroll of amnesia {unknown}
 e - 6 scrolls of identify {unknown}
 k - 2 scrolls of remove curse {unknown}
 l - a scroll of fear {unknown}
 m - a scroll of noise {unknown}
 p - a scroll of teleportation {unknown}
Potions
 b - 2 potions of haste {unknown}
 c - a potion of ambrosia {unknown}
 g - a potion of brilliance {unknown}
 h - a potion of curing {unknown}
 j - a potion of lignification {unknown}


   Skills:
 - Level 2.6 Dodging
 - Level 2.6 Stealth
 - Level 2.0 Spellcasting
 + Level 6.2 Ice Magic


You had 3 spell levels left.
You knew the following spells:

 Your Spells              Type           Power        Failure   Level
a - Frozen Ramparts       Ice            ###...       4%          3
b - Freeze                Ice            ###.         1%          1

Your spell library contained the following spells:

 Spells                   Type           Power        Failure   Level
 Ozocubu's Armour         Ice            ###.....     4%          3
 Hailstorm                Conj/Ice       ##......     47%         4
 Summon Ice Beast         Ice/Summ       ##......     47%         4


Dungeon Overview and Level Annotations

Branches:
Dungeon (3/15)

Altars:


Innate Abilities, Weirdness & Mutations

You cannot wear armour.
You are incapable of wielding weapons or throwing items.
Your paws allow you to move quietly. (Stealth)
You have sharp claws.
You have razor-sharp teeth.
You have supernaturally acute eyesight. (SInv)
You cover ground quickly.
You are covered in fur. (AC +1)
Your sharp claws are effective at attacking unaware monsters.


Message History

Ouch! That really hurt!
* * * LOW HITPOINT WARNING * * *
The frozen ramparts melt away.
You aren't carrying any items that you can evoke.
The orc wizard casts a spell.
The orc wizard blinks!
You start resting.
An orc wizard is nearby!
Casting: Frozen Ramparts (quite dangerous; 4% risk of failure)
Confirm with . or Enter, or press ? or * to list all spells.
The spell is quite dangerous to cast (4% risk of failure)!
Continue anyway?
You miscast Frozen Ramparts.
You are very lightly contaminated with residual magic.
Nothing appears to happen.
Okay, then.
You feel very mighty all of a sudden.
The orc wizard points at you and mumbles some strange words.
The magic dart hits you!
Ouch! That really hurt!
You die...

#.................###
#..........####)....###
#.............####....##
#........>.##...)))o...#
#..........#######...#.....
####........##########)###... .
..................§.......!. #.
#.........o#########.#####.
#.#.........@# #.# #
#............# #)# ###
##..........# #..
..#####..........### ##.
#.....##...........###### ##
...##.###.....>..#....... ##.#
##..#...####.###..#########>...##
###..##....#.####........<......(
......####.#†##.....###########.<


You could see an orc wizard (fast).

Vanquished Creatures
  An orc priest (D:3)
  5 adders
  4 gnolls (D:3)
  4 worms
  5 dart slugs (D:1)
  2 leopard geckos (D:3)
  5 orcs (D:3)
  A ball python (D:3)
  4 giant cockroaches
  5 goblins
  5 hobgoblins
  8 jackals
  5 bats
  3 frilled lizards
  3 kobolds
  7 rats
67 creatures vanquished.

Notes
Turn   | Place    | Note
-------+----------+-------------------------------------------
     0 | D:1      | miscthings the Felid Ice Elementalist began the quest for
                  | the Orb.
     0 | D:1      | Reached XP level 1. HP: 7/7 MP: 4/4
   126 | D:1      | Reached skill level 4 in Ice Magic
   147 | D:1      | Reached XP level 2. HP: 10/11 MP: 1/6
   613 | D:1      | Reached XP level 3. HP: 11/14 MP: 1/7
   622 | D:1      | Learned a level 3 spell: Frozen Ramparts
  1259 | D:2      | Reached skill level 5 in Ice Magic
  1322 | D:2      | Reached XP level 4. HP: 18/18 MP: 2/8
  1787 | D:3      | Reached XP level 5. HP: 21/21 MP: 4/9
  1798 | D:3      | Killed from afar by an orc wizard
  1799 | D:3      | Reached XP level 4. HP: 0/18 MP: 2/8
  1850 | D:3      | Reached skill level 6 in Ice Magic
  1896 | D:3      | Killed from afar by an orc wizard

Illustrated notes

Levels and vault maps discovered:
D:1:      lemuel_arrival_tunnels, layout_loops_corners,
          chequers_serial_rivers_micro_a
D:2:      layout_loops_cross
D:3:      layout_rooms, minmay_pentomino_pile

Skill      XL: |  1  2  3  4 |
---------------+-------------+-----
Ice Magic      | 4 5 6 |  6.2
Dodging        | |  2.6
Stealth        | |  2.6
Spellcasting   | |  2.0

Action                   |  1- 3 |  4- 6 || total
-------------------------+-------+-------++-------
Melee: Unarmed           |    37 |    27 ||    64
       Bite              |     3 |     4 ||     7
 Cast: Freeze            |    28 |     5 ||    33
       Frozen Ramparts   |     9 |    11 ||    20
  Use: Potion            |       |     1 ||     1
 Stab: Sleeping          |    11 |     3 ||    14
Armor: Skin              |     3 |     3 ||     6
Dodge: Dodged            |    58 |    23 ||    81
Block: Other             |     1 |     3 ||     4

Table legend: (Time is in decaauts)
 A = Elapsed time spent in this place.
 B = Non-inter-level travel time spent in this place.
 C = Inter-level travel time spent in this place.
 D = Time resting spent in this place.
 E = Time spent auto-exploring this place.
 F = Levels seen in this place.
 G = Mean time per level.
                   A        B        C        D        E       F      G
               +--------+--------+--------+--------+--------+-----+--------+
         Total |   1584 |   1553 |     31 |    145 |    979 |   3 |  528.0 |
       Dungeon |   1584 |   1553 |     31 |    145 |    979 |   3 |  528.0 |
               +--------+--------+--------+--------+--------+-----+--------+

Top non-repeatable levels by time:
     D:1: 824 daAuts
     D:2: 471 daAuts
     D:3: 289 daAuts
